 Dungeon Crawl Stone Soup version 0.30.0-15-g856e2d3f33 (webtiles) character file.

Game seed: 2267440148178583340

44 dolemite99 the Shooter (level 3, 0/28 HPs)
             Began as a Barachi Hunter on May 19, 2023.
             Was a Follower of Sif Muna.
             Slain by a gnoll
             ... wielding a +0 flail of holy wrath
              (9 damage)
             ... on level 3 of the Dungeon.
             The game lasted 00:03:31 (2493 turns).

dolemite99 the Shooter (Barachi Hunter)             Turns: 2493, Time: 00:03:31

Health: 0/28       AC:  3    Str: 12    XL:     3   Next: 60%
Magic:  3/3        EV: 12    Int:  9    God:    Sif Muna [*.....]
Gold:   0          SH:  0    Dex: 17    Spells: 2/2 levels left

rFire   . . .        a - +0 shortbow
rCold   . . .        (shield currently unavailable)
rNeg    . . .        c - +0 leather armour
rPois   .            (no helmet)
rElec   .            (no cloak)
rCorr   .            (no gloves)
SInv    .            (no boots)
Will    .....        (no amulet)
Stlth   ++           (no ring)
HPRegen 0.24/turn    (no ring)
MPRegen 0.08/turn

%: no passive effects
@: unable to hop, slow
A: amphibious, slowness 1, strong legs 1, +LOS
a: Hop, Renounce Religion, Channel Magic


You were on level 3 of the Dungeon.
You worshipped Sif Muna.
Sif Muna was aware of your devotion.
You visited 1 branch of the dungeon, and saw 4 of its levels.

You collected 194 gold pieces.
You spent 194 gold pieces at shops.

Inventory:

Hand Weapons
 a - a +0 shortbow (weapon)
 i - a +0 spear
 k - a +0 hand axe
Missiles
 q - 8 poisoned darts
Armour
 c - a +0 leather armour (worn)
Jewellery
 g - an amulet of guardian spirit
 n - a ring of ice
Scrolls
 b - a scroll of immolation
 j - 2 scrolls of teleportation
 p - 2 scrolls of fear
Potions
 d - a potion of attraction
 e - a potion of berserk rage
 f - a potion of ambrosia
 h - 2 potions of curing
 l - a potion of magic
 o - a potion of mutation
 r - a potion of might


   Skills:
 - Level 2.4 Fighting
 + Level 5.2 Ranged Weapons
 - Level 2.1 Dodging
 - Level 0.8 Stealth


You had 2 spell levels left.
You didn't know any spells.
Your spell library was empty.

Dungeon Overview and Level Annotations

Branches:
Dungeon (4/15)
 Temple: D:4-7

Altars:
Qazlal
Sif Muna

Shops:
D:2 ?(**

Annotations:
D:2 exclusion: downstairs


Innate Abilities, Weirdness & Mutations

You are amphibious.
You cover ground slowly.
You can hop short distances.
You have an extended range of vision and can be seen from far away.


Message History

The gnoll misses you.
You shoot an arrow. The arrow closely misses the gnoll.
The gnoll closely misses you.
Hop to where?
Press: ? - help, Dir - move target, p - gnoll Boing!
Fire: a) +0 shortbow
Press: ? - help, Q - select action, (/) - cycle Shift-Dir - straight line, f - gnoll
Aim: a gnoll, wielding a +0 flail of holy wrath (sparse dust, almost dead, 66% to hit)
You shoot an arrow. The arrow closely misses the gnoll.
Fire: a) +0 shortbow
Press: ? - help, Q - select action, (/) - cycle Shift-Dir - straight line, f/p - gnoll
Aim: a gnoll, wielding a +0 flail of holy wrath (almost dead, 66% to hit)
You shoot an arrow. The arrow barely misses the gnoll.
Fire: a) +0 shortbow
Press: ? - help, Q - select action, (/) - cycle Shift-Dir - straight line, f/p - gnoll
Aim: a gnoll, wielding a +0 flail of holy wrath (almost dead, 66% to hit)
You shoot an arrow. The arrow completely misses the gnoll.
Fire: a) +0 shortbow
Press: ? - help, Q - select action, (/) - cycle Shift-Dir - straight line, f/p - gnoll
Aim: a gnoll, wielding a +0 flail of holy wrath (almost dead, 66% to hit)
You shoot an arrow.
The arrow hits the gnoll but does no damage.
The gnoll is almost dead.
Fire: a) +0 shortbow
Press: ? - help, Q - select action, (/) - cycle Shift-Dir - straight line, f/p - gnoll
Aim: a gnoll, wielding a +0 flail of holy wrath (almost dead, 66% to hit)
You shoot an arrow. The arrow closely misses the gnoll.
The gnoll closely misses you. The gnoll hits you but does no damage.
You shoot an arrow. The arrow hits the gnoll.
The gnoll is almost dead.
The gnoll closely misses you.
You shoot an arrow.
The arrow hits the gnoll but does no damage.
The gnoll is almost dead.
The gnoll hits you with a +0 flail of holy wrath!
* * * LOW HITPOINT WARNING * * *
You shoot an arrow. The arrow completely misses the gnoll.
The gnoll hits you with a +0 flail of holy wrath!
You die...

#.#### ##.....## ####.###
#.##.## ##.......## ##.#.....
#<#...####.........####.....##.
#........'.....)...'..>........
#.#...####.........####........
#.##.## ##.......## ##.......
#.#### ##.....## ##.....# #.#
##...## #.....#
###(############@## #.....#
#............# #g# #.....#
#.#.#..#####.# #.# #.....#
#.#......###.###.## #.#.###
#.###........##...#######
#......
#..........###..........#
###.### #####.##.#.#
##...#####.# #.#
#.##.#.#####.#...##.#####.#
#.##......................#


You could see a gnoll.

Vanquished Creatures
  An adder (D:2)
  2 bats (D:1)
  An endoplasm (D:1)
  2 giant cockroaches (D:1)
  7 hobgoblins
  2 jackals (D:1)
  7 ball pythons
  2 frilled lizards
  10 rats
34 creatures vanquished.

Notes
Turn   | Place    | Note
-------+----------+-------------------------------------------
     0 | D:1      | dolemite99 the Barachi Hunter began the quest for the Orb.
     0 | D:1      | Reached XP level 1. HP: 17/17 MP: 1/1
   145 | D:1      | Reached XP level 2. HP: 18/23 MP: 2/2
   794 | D:2      | Reached XP level 3. HP: 28/28 MP: 3/3
   809 | D:2      | Found Ynwew's Weapon Boutique.
   837 | D:2      | Found a faded altar of an unknown god.
   850 | D:2      | Prayed at the altar of an unknown god.
   850 | D:2      | Became a worshipper of Sif Muna the Loreminder
   850 | D:2      | Reached * piety under Sif Muna
   873 | D:2      | Found Puonougg's Magic Scroll Shop.
   879 | D:2      | Bought a scroll of fear for 56 gold pieces
   955 | D:2      | Found Taysom's General Store.
   978 | D:2      | Found a stormy altar of Qazlal.
   981 | D:2      | Found Rujigru's General Store.
  1386 | D:2      | Reached skill level 5 in Ranged Weapons
  1628 | D:2      | Bought 5 poisoned darts for 30 gold pieces
  1628 | D:2      | Bought a potion of curing for 30 gold pieces
  1632 | D:2      | Bought a scroll of teleportation for 30 gold pieces
  1680 | D:3      | Noticed an ogre
  2104 | D:2      | Bought a scroll of identify for 20 gold pieces
  2325 | D:2      | Bought a scroll of identify for 28 gold pieces
  2493 | D:3      | Slain by a gnoll

Illustrated notes

Levels and vault maps discovered:
D:1:      minmay_arrival_hallway, layout_basic
D:2:      layout_basic, basic_altar, serial_shops,
          nicolae_shop_advertising_works [nicolae_subvault_shop_adworks],
          nicolae_shop_rolling_square, shop, nicolae_shop_peninsula,
          hellmonk_ecumenical_altar_pennies_from_heaven, minmay_rat_gold_closets
D:3:      layout_loops_corners, ebering_ghost_gozag
D:4:      layout_gridville, uniq_blork_the_orc

Skill      XL: |  1  2  3 |
---------------+----------+-----
Ranged Weapons | 5 |  5.2
Fighting       | |  2.4
Dodging        | |  2.1
Stealth        | |  0.8

Action                     || total
---------------------------++-------
   Fire: Shortbow          ||   119
Ability: Hop               ||     1
    Use: Scroll            ||     9
 Armour: Leather armour    ||    20
  Dodge: Dodged            ||    62
